 Dungeon Sprint DCSS version 0.29.1-12-g30fa7ad0bf (webtiles) character file.

Game seed: 14861082791908873244

401 Groucho the Digger (level 6, -4/28 HPs)
             Began as a Spriggan Earth Elementalist on Jan 5, 2023.
             Was an Elder of Vehumet.
             Slain by a swamp dragon (7 damage)
             ... in the Dungeon (Sprint VII: "The Pits").
             The game lasted 00:04:53 (2210 turns).

Groucho the Digger (Spriggan Earth Elementalist)    Turns: 2210, Time: 00:04:54

Health: -4/28      AC:  2    Str:  4    XL:     6   Next: 54%
Magic:  2/16       EV: 21    Int: 18    God:    Vehumet [****..]
Gold:   0          SH:  0    Dex: 16    Spells: 11/18 levels left

rFire   . . .      SeeInvis +   m - +1 quarterstaff (speed)
rCold   . . .      Faith    .   (shield currently unavailable)
rNeg    . . .      Spirit   .   a - +0 robe
rPois   .          Reflect  .   (helmet restricted)
rElec   .          Harm     .   (no cloak)
rCorr   .          Rampage  .   (gloves unavailable)
Will    +....      NoTele   +   (boots unavailable)
Stlth   ++........              (no amulet)
HPRegen 0.09/turn               (no ring)
MPRegen 0.15/turn               (no ring)

@: lethally poisoned (-4 -> -11), very quick
A: very small, no large weapons, unfitting armour, see invisible, speed 3
a: Renounce Religion


You were in the Dungeon.
You worshipped Vehumet.
Vehumet was greatly pleased with you.
You visited 1 branch

Inventory:

Hand Weapons
 m - a +1 quarterstaff of speed (weapon)
Missiles
 l - 10 stones
Armour
 a - a +0 robe (worn)
Scrolls
 g - a scroll of blinking
 j - 5 scrolls of amnesia
 k - a scroll of summoning
Potions
 b - 5 potions of magic
 c - 4 potions of curing
 d - 5 potions of heal wounds
 e - a potion of haste
 f - 3 potions of berserk rage
 i - 2 potions of invisibility


   Skills:
 + Level 7.4 Dodging
 - Level 3.0 Stealth
 + Level 6.9 Spellcasting
 * Level 4.4 Conjurations
 + Level 7.0 Transmutations
 * Level 3.7 Ice Magic
 * Level 7.4 Earth Magic


You had 11 spell levels left.
You knew the following spells:

 Your Spells              Type           Power      Damage    Failure   Level
a - Sandblast             Erth           64%        2d14      1%          1
b - Stone Arrow           Conj/Erth      54%        3d10      1%          3
c - Frozen Ramparts       Ice            38%        1d6       1%          3

Your spell library contained the following spells:

 Spells                   Type           Power      Damage    Failure   Level
 Airstrike                Air            3%         2d(1-17)  28%         4
 Passwall                 Tmut/Erth      26%        N/A       1%          2
 Petrify                  Tmut/Erth      32%        N/A       5%          4


Dungeon Overview and Level Annotations

Branches:
Dungeon (1/1)

Altars:
Ashenzari
Cheibriados
Dithmenos
Elyvilon
Fedhas
Gozag
Hepliaklqana
Kikubaaqudgha
Makhleb
Nemelex Xobeh
Okawaru
Qazlal
Ru
Sif Muna
Trog
Uskayaw
Vehumet
Wu Jian
Xom
Yredelemnul
Zin
The Shining One
Jiyva
Lugonu


Innate Abilities, Weirdness & Mutations

You are very small and have problems with some larger weapons.
You are too small for most types of armour.
You have supernaturally acute eyesight. (SInv)
You cover ground extremely quickly. (Speed+++)


Message History

Casting: Stone Arrow (safe; 1% risk of failure)
Confirm with . or Enter, or press ? or * to list all spells.
Aiming: Stone Arrow (safe; 1% risk of failure)
Press: ? - help, Shift-Dir - straight line, f/p - swamp dragon
Aim: a swamp dragon (lightly wounded, 83% to hit)
The stone arrow hits the swamp dragon.
The swamp dragon is moderately wounded.
The swamp dragon misses you. The swamp dragon completely misses you.
The swamp dragon closely misses you.
Unknown command.
Casting: Stone Arrow (safe; 1% risk of failure)
Confirm with . or Enter, or press ? or * to list all spells.
Aiming: Stone Arrow (safe; 1% risk of failure)
Press: ? - help, Shift-Dir - straight line, f/p - swamp dragon
Aim: a swamp dragon (moderately wounded, 83% to hit)
The stone arrow hits the swamp dragon!
The swamp dragon is moderately wounded.
The swamp dragon breathes poison at you.
The blast of poison misses you.
Unknown command.
Casting: Stone Arrow (safe; 1% risk of failure)
Confirm with . or Enter, or press ? or * to list all spells.
Aiming: Stone Arrow (safe; 1% risk of failure)
Press: ? - help, Shift-Dir - straight line, f/p - swamp dragon
Aim: a swamp dragon (poison gas, moderately wounded, 83% to hit)
The stone arrow hits the swamp dragon.
The swamp dragon is heavily wounded.
You are engulfed in poison gas.
You are poisoned.
You feel very sick.
The swamp dragon breathes poison at you.
The blast of poison engulfs you!
You are lethally poisoned!
Unknown command.
You feel better.
You are engulfed in poison gas.
You are poisoned.
You feel very sick. The swamp dragon bites you!
Ouch! That really hurt!
* * * LOW HITPOINT WARNING * * *
The swamp dragon claws you!
You die...

#.#...)))[.##.......#
#'###########.......#
#..#.#÷## #########
#.......# ##.#.#.##
#.......#+#
##.#.#☼##○+
#.....☼☼#D#
##.#.#○○@○#
##########


You could see a swamp dragon (catching breath).

Vanquished Creatures
  A flying skull (D)
  A phantom (D)
  A bullfrog (D)
  An orc priest (D)
  An orc wizard (D)
  2 adders (D)
  A white imp (D)
  An adder zombie (D)
  2 orcs (D)
  A ball python (D)
  A bat skeleton (D)
  A quokka (D)
  3 frilled lizards (D)
  A kobold (D)
  A rat (D)
19 creatures vanquished.

Notes
Turn   | Place    | Note
-------+----------+-------------------------------------------
     0 | D        | Groucho the Spriggan Earth Elementalist began the quest for
                  | the Orb.
     0 | D        | Reached XP level 1. HP: 9/9 MP: 5/5
    38 | D        | Found a bloodstained altar of Trog.
    38 | D        | Found a shimmering blue altar of Sif Muna.
    38 | D        | Found a viscous altar of Jiyva.
    38 | D        | Found a hazy altar of Hepliaklqana.
    38 | D        | Found an opulent altar of Gozag.
    39 | D        | Found a glowing golden altar of the Shining One.
    39 | D        | Found a glowing silver altar of Zin.
    39 | D        | Found a basalt altar of Yredelemnul.
    39 | D        | Found a shimmering altar of Xom.
    39 | D        | Found an ornate altar of the Wu Jian Council.
    39 | D        | Found a sacrificial altar of Ru.
    39 | D        | Found a stormy altar of Qazlal.
    39 | D        | Found an iron altar of Okawaru.
    39 | D        | Found a sparkling altar of Nemelex Xobeh.
    39 | D        | Found a burning altar of Makhleb.
    39 | D        | Found a blossoming altar of Fedhas.
    39 | D        | Found a white marble altar of Elyvilon.
    39 | D        | Found a shadowy altar of Dithmenos.
    39 | D        | Found a snail-covered altar of Cheibriados.
    40 | D        | Found a radiant altar of Vehumet.
    40 | D        | Found a corrupted altar of Lugonu.
    41 | D        | Found a hide-covered altar of Uskayaw.
    41 | D        | Found an ancient bone altar of Kikubaaqudgha.
    41 | D        | Found a broken altar of Ashenzari.
    48 | D        | Became a worshipper of Vehumet
    74 | D        | Reached XP level 2. HP: 13/13 MP: 3/7
   311 | D        | Reached * piety under Vehumet
   311 | D        | Offered knowledge of Foxfire by Vehumet.
  1005 | D        | Reached ** piety under Vehumet
  1005 | D        | Offered knowledge of Searing Ray by Vehumet.
  1022 | D        | Reached XP level 3. HP: 16/16 MP: 1/10
  1047 | D        | Learned a level 3 spell: Stone Arrow
  1175 | D        | Offered knowledge of Ignite Poison by Vehumet.
  1175 | D        | Reached *** piety under Vehumet
  1178 | D        | Reached skill level 5 in Earth Magic
  1337 | D        | Noticed a phantom
  1338 | D        | Noticed a flying skull
  1373 | D        | Killed a phantom
  1373 | D        | Offered knowledge of Frozen Ramparts by Vehumet.
  1374 | D        | Reached skill level 5 in Dodging
  1374 | D        | Reached skill level 5 in Spellcasting
  1374 | D        | Reached skill level 5 in Transmutations
  1374 | D        | Reached XP level 4. HP: 7/21 MP: 6/12
  1770 | D        | Learned a level 3 spell: Frozen Ramparts
  1802 | D        | Killed a flying skull
  1803 | D        | Reached XP level 5. HP: 24/24 MP: 6/14
  1803 | D        | Reached XP level 6. HP: 28/28 MP: 6/16
  1810 | D        | Reached **** piety under Vehumet
  1986 | D        | Offered knowledge of Airstrike by Vehumet.
  2205 | D        | Noticed a swamp dragon
  2210 | D        | Slain by a swamp dragon

Illustrated notes

Levels and vault maps discovered:
D:        pitsprint [storerooms_1, entrance_room_1, metal_vault_1, armoury_1,
          mini_pit_1, grid_room_1, main_hall_1, silver_pit, the_coven_3,
          the_vestibule_1, steel_vault_2, golden_pit, hallway_of_sentries,
          crystal_vault_2, iron_vault_2, final_vault]

Skill      XL: |  1  2  3  4  5  6 |
---------------+-------------------+-----
Dodging        | 3 4 5 6 7 |  7.4
Earth Magic    | 3 4 5 6 7 |  7.4
Spellcasting   | 3 4 5 6 |  6.9
Transmutations | 2 4 5 6 7 |  7.0
Conjurations   | 2 3 4 |  4.4
Ice Magic      | 2 3 |  3.7
Stealth        | |  3.0

Action                   |  1- 3 |  4- 6 || total
-------------------------+-------+-------++-------
 Cast: Sandblast         |    31 |    11 ||    42
       Stone Arrow       |       |     8 ||     8
  Use: Potion            |     2 |     1 ||     3
Armor: Robe              |     2 |       ||     2
Dodge: Dodged            |     6 |    19 ||    25
